[Event "*** Titled Tuesday Blitz"]
[Site "Chess.com"]
[Date "2018.04.03"]
[Round "1"]
[White "KRASAVCHIK2002"]
[Black "Keaton87"]
[Result "0-1"]
[WhiteElo "1962"]
[BlackElo "2445"]
[TimeControl "180+2"]
[EndTime "13:08:34 PDT"]
[Termination "Keaton87 won by resignation"]

1. e4 c5 2. Nf3 d6 3. d4 Nf6 4. Nc3 cxd4 5. Nxd4 g6 6. Be3 Bg7 7. f3 O-O 8. Qd2 Nc6 9. O-O-O d5 10. exd5 Nxd5 11.
Nxc6 bxc6 12. Nxd5 cxd5 13. Bh6 Bxh6 14. Qxh6 Bf5 15.
h4 Rc8 16. Bd3 Bxd3 17. Rxd3 Qa5 18. Kb1 f6 19. h5 g5 20. f4 gxf4 21. g3 Qc5 22. c3 f3 23. Rd4 Kh8 24. Qd2 Rcd8 25.
Rf4 e5 26. Rxf3 d4 27. Qf2 Qe7 28. cxd4 Rxd4 29. Rf1 Rd6 30. g4 e4 31. Re3 Qe5 32. Qf4 Rd1+ 33. Kc2 Rxf1 34. Qxf1 Rb8 35. b3 Rd8 36. Qe2 Qa5 37. Rxe4 Qxa2+ 38. Kc3 Rc8+ 39. Kb4 a5+ 40. Kb5 Qxb3+ 41. Kxa5 Ra8+ 0-1

[Event "*** Titled Tuesday Blitz"]
[Site "Chess.com"]
[Date "2018.04.03"]
[Round "1"]
[White "WanderingPuppet"]
[Black "GMAkobianSTL"]
[Result "0-1"]
[WhiteElo "2302"]
[BlackElo "2640"]
[TimeControl "180+2"]
[EndTime "13:08:37 PDT"]
[Termination "GMAkobianSTL won on time"]

1. e4 d6 2. d4 Nf6 3. Nc3 c6 4. Bc4 d5 5. exd5 cxd5 6. Bb5+ Nc6 7. Nf3 Bg4 8. h3 Bxf3 9. Qxf3 e6 10. Bg5 Rc8 11. O-O-O Be7 12. Rhe1 O-O 13. g4 a6 14. Bxc6 Rxc6 15. h4 Qa5 16. h5 h6 17. Bd2 Rfc8 18. g5 hxg5 19. Rg1 g4 20. Rxg4 Nxg4 21. Qxg4 Bf6 22.
Rg1 Kf8 23. h6 gxh6 24. Bxh6+ Ke7 25. Bd2 Rxc3 26. Bxc3 Rxc3 27. bxc3 Qxc3 28. Rd1 Qa1+ 29. Kd2 Qxa2 30. Qf4 Qc4 31. c3 b5 32. Qb8 Qc6 33. Qa7+ Kf8 34. Qb8+ Ke7 35. Qa7+ Ke8 36. Qb8+ Bd8 37.
Rg1 Kd7 38. Rg8 Qc7 0-1

[Event "*** Titled Tuesday Blitz"]
[Site "Chess.com"]
[Date "2018.04.03"]
[Round "1"]
[White "bascheyaro"]
[Black "nickmatta"]
[Result "1-0"]
[WhiteElo "2618"]
[BlackElo "2282"]
[TimeControl "180+2"]
[EndTime "13:08:42 PDT"]
[Termination "bascheyaro won by resignation"]

1. d4 Nf6 2. Nf3 g6 3. c4 Bg7 4. Nc3 d5 5. Bf4 O-O 6. c5 b6 7. cxb6 axb6 8. e3 c5 9. Be2 Nc6 10. O-O Bf5 11. a3 c4 12. Nd2 Na5 13. b3 cxb3 14. Nxb3 Nc4 15. Nb5 Qd7 16. a4 Rfc8 17.
Ra2 Ne4 18. Qa1 g5 19. Bg3 Nxg3 20. hxg3 e5 21. dxe5 Nxe5 22. N3d4 Bg6 23. Rd1 Nc4 24. Rc1 Qe7 25. Bg4 Rc5 26. Be2 Nd6 27. Nxd6 Qxd6 28.
Bb5 Rac8 29. Rd1 Qe5 30. Rad2 Qe7 31. Qa3 Qc7 32. Qb3 Rd8 33. Qb4 Bf8 34. Qb3 Rc1 35. Rxc1 Qxc1+ 36. Rd1 Qc5 37. Nc6 Bc2 38. Qb2 Bxd1 39.
Nxd8 Bg7 40. Qd2 Bb3 41. Nc6 Bc4 42. Bxc4 Qxc4 43. Qxd5 Qxd5 44. Ne7+ Kf8 45. Nxd5 Ke8 46. Nxb6 Kd8 47. f4 g4 48. Kf2 Kc7 49. Nc4 Kc6 50.
Ke2 Kc5 51. Kd3 Kb4 52. a5 Kb5 53. Nd6+ Kxa5 54. Nxf7 Kb5 55. Ke4 Kc5 56. Kf5 h5 57. Kg5 Kc4 58. Kxh5 Kd3 59. Kxg4 Kxe3 60. Ng5 Kf2 61.
Kh3 Bh6 62. Nh7 Ke3 63. f5 Ke4 64. f6 Kf5 65. f7 Kg6 66. f8=Q Bxf8 67. Nxf8+ Kf7 68.
Nd7 Ke7 69. Nc5 Kd6 70. Nd3 Kd5 71. g4 Ke6 72. Kh4 Kf7 73. g5 Kg7 74. Kh5 Kg8 75.
g6 Kg7 76. Kg5 Kg8 77. Kh6 Kh8 78. g7+ Kg8 79. g3 1-0

[Event "*** Titled Tuesday Blitz"]
[Site "Chess.com"]
[Date "2018.04.03"]
[Round "1"]
[White "Tash_Boy"]
[Black "Vusatiuk_Vladimir"]
[Result "0-1"]
[WhiteElo "2511"]
[BlackElo "2211"]
[TimeControl "180+2"]
[EndTime "13:08:42 PDT"]
[Termination "Vusatiuk_Vladimir won by resignation"]

1. e4 c5 2. Nf3 d6 3. d4 cxd4 4. Nxd4 Nf6 5. Nc3 a6 6. Be3 e6 7. Qf3 Be7 8. O-O-O Nbd7 9. Qg3 O-O 10. f3 b5 11. Kb1 Bb7 12. Bd3 Rc8 13. Nb3 Ne5 14.
Rhe1 Qc7 15. Qf2 Nc4 16. Bxc4 bxc4 17. Bb6 Qd7 18. Na5 Ba8 19. e5 Nd5 20. Nxd5 Bxd5 21. f4 c3 22. b3 Bd8 23. f5 Rb8 24. Bxd8 Qxd8 25. Rxd5 exd5 26. Nc6 Qb6 27. Ne7+ Kh8 28. Qh4 dxe5 29. Nxd5 Qd4 30. Qxd4 exd4 31. Rd1 Rfe8 32. a4 Rbd8 33. Nf4 Re4 34. Nd3 Re2 35. g4 Rde8 36. b4 Rd2 37. Rc1 Rb8 38. Ka2 f6 39. Kb3 Rxh2 40. Re1 h5 41. gxh5 Rxh5 42. Re4 Rd8 43. Nf4 Rxf5 44. Ng6+ Kh7 45. Ne7 Rh5 46. b5 axb5 47. a5 b4 48. a6 Ra8 49. Re6 Re5 0-1

[Event "*** Titled Tuesday Blitz"]
[Site "Chess.com"]
[Date "2018.04.03"]
[Round "1"]
[White "Alexander_Moskalenko"]
[Black "PchelkinVK"]
[Result "1-0"]
[WhiteElo "2707"]
[BlackElo "2363"]
[TimeControl "180+2"]
[EndTime "13:08:46 PDT"]
[Termination "Alexander_Moskalenko won on time"]

1. e4 e6 2. d4 d5 3. Nd2 c5 4. Ngf3 cxd4 5. exd5 Qxd5 6. Bc4 Qd6 7. O-O Nf6 8. Qe2 Nc6 9. Rd1 Be7 10. Ne4 Nxe4 11.
Qxe4 e5 12. c3 f5 13. Qe2 Be6 14. Bxe6 Qxe6 15. cxd4 O-O-O 16. dxe5 Rxd1+ 17. Qxd1 Nxe5 18. Nxe5 Qxe5 19. Be3 a6 20. Bd4 Qe4 21. Bxg7 Rg8 22.
Qd4 Qxd4 23. Bxd4 Rd8 24. Bc3 Rd5 25. Kf1 Kd7 26. Ke2 Kc6 27. h3 Bc5 28. g4 b5 29. a3 Kb6 30. b4 Bd4 31. Bxd4+ Rxd4 32. gxf5 Rf4 33. Ke3 Rxf5 34. f4 Kc6 35. Ke4 Rf8 36.
f5 Kd6 37. Rd1+ Ke7 38. Ke5 Re8 39. Rd6 Kf7+ 40. Re6 Rxe6+ 41. fxe6+ Ke7 42. Kd5 h6 43. Ke5 Ke8 44. Kf6 Kf8 45. h4 h5 46. Kg5 Ke7 47. Kxh5 Kxe6 48. Kg6 1-0

[Event "*** Titled Tuesday Blitz"]
[Site "Chess.com"]
[Date "2018.04.03"]
[Round "1"]
[White "Orest_Vovk"]
[Black "ChessWarrior7197"]
[Result "0-1"]
[WhiteElo "2352"]
[BlackElo "2669"]
[TimeControl "180+2"]
[EndTime "13:08:48 PDT"]
[Termination "ChessWarrior7197 won by checkmate"]

1. g4 d5 2. h3 c5 3. Bg2 Nc6 4. c4 d4 5. Bxc6+ bxc6 6. Qa4 Bd7 7. d3 e5 8. Nf3 Bd6 9. Nbd2 Qc7 10. Ne4 Be7 11. b3 Nf6 12. Nxf6+ Bxf6 13. Ba3 Be7 14. Nd2 f5 15. f3 O-O 16. gxf5 Bxf5 17. O-O-O a5 18.
Rdg1 Rfb8 19. Kc2 Qc8 20. Bc1 Rb4 21. Qa3 a4 22. Qb2 Bxh3 23. Ne4 Bf5 24. Bh6 Bg6 25. Bg5 Bxg5 26. Rxg5 axb3+ 27. axb3 Bxe4 28. fxe4 Qf8 29. Ra1 Rab8 30. Rf5 Qe7 31. Ra3 g6 32. Rf3 Qg5 33.
Qa1 Qg2 34. Qe1 R4b7 35. Rf2 Qg5 36. Qf1 Qd8 37. Rf6 Qb6 38. Qh3 Qb4 39. Qe6+ Kh8 40. Qxe5 Kg8 41. Qe6+ Kg7 42. Qe5 Qxa3 43. Rxc6+ Kg8 44.
Qe6+ Rf7 45. Rc7 Qxb3+ 46. Kd2 Qc3+ 47. Kd1 Rb1# 0-1

[Event "*** Titled Tuesday Blitz"]
[Site "Chess.com"]
[Date "2018.04.03"]
[Round "1"]
[White "XDPS"]
[Black "Eliwood44"]
[Result "1-0"]
[WhiteElo "2583"]
[BlackElo "2245"]
[TimeControl "180+2"]
[EndTime "13:08:49 PDT"]
[Termination "XDPS won by resignation"]

1. d4 Nf6 2. Nf3 e6 3. e3 b6 4. Bd3 Bb7 5. O-O Be7 6. c4 O-O 7. Nc3 d5 8. cxd5 exd5 9. b3 Nbd7 10. Bb2 Ne4 11. Rc1 c5 12. Ne5 Nxe5 13. dxe5 Nxc3 14. Bxc3 Qd7 15. f4 Rad8 16. Qh5 g6 17. Qh6 d4 18. exd4 cxd4 19. Bd2 Qg4 20. Rf2 Bh4 21. Re2 Be7 22. f5 Rfe8 23. e6 fxe6 24. fxg6 Qh4 25. Qxh7+ Qxh7 26. gxh7+ Kh8 27. Rxe6 Ba3 28. Rxe8+ Rxe8 29. Rc7 Bd5 30. Bh6 Bf8 31. Bxf8 Rxf8 32. Rd7 Bc6 33. Rxd4 Re8 34. h4 a5 35. h5 b5 36. g4 a4 37.
g5 axb3 38. axb3 b4 39. g6 Rc8 40. h6 Be4 41. g7+ Kxh7 42. Rxe4 Rc1+ 43. Re1+ Kg8 44. Rxc1 1-0

[Event "*** Titled Tuesday Blitz"]
[Site "Chess.com"]
[Date "2018.04.03"]
[Round "1"]
[White "pKiLz5Rn9b"]
[Black "MFBerna"]
[Result "1-0"]
[WhiteElo "2624"]
[BlackElo "2288"]
[TimeControl "180+2"]
[EndTime "13:08:51 PDT"]
[Termination "pKiLz5Rn9b won by resignation"]

1. Nf3 d5 2. e3 Nf6 3. b3 g6 4.
Bb2 Bg7 5. d4 O-O 6. Be2 b6 7. O-O c5 8. c4 cxd4 9. Nxd4 Bb7 10.
Bf3 Ne4 11. cxd5 Bxd5 12. Qc2 Nc5 13. Rd1 Bxf3 14. Nxf3 Bxb2 15. b4 Ne6 16. Rxd8 Rxd8 17. h4 Bxa1 18. h5 Nd7 19. hxg6 hxg6 20. Qa4 Bg7 21.
Nbd2 a5 22. a3 axb4 23. Qxb4 Ndc5 24. Nc4 Rd1+ 25. Kh2 Nd3 26. Qb3 Nxf2 27. Qc2 Rc8 28. Kg3 Nh1+ 29. Kh2 Ra1 30. Qe2 Bf6 31. Nxb6 Rd8 32.
e4 Kg7 33. g3 Rh8+ 34. Kg2 Bc3 35. Nd5 Ba5 36. Qb2+ f6 37. Qxa1 Bd8 38. e5 g5 39.
exf6+ exf6 40. Qe1 g4 41. Qxe6 gxf3+ 42. Kxf3 Rh6 43. Qd7+ Kg6 44. Qe8+ 1-0

[Event "*** Titled Tuesday Blitz"]
[Site "Chess.com"]
[Date "2018.04.03"]
[Round "1"]
[White "Jbd735"]
[Black "Fins0905"]
[Result "0-1"]
[WhiteElo "2228"]
[BlackElo "2569"]
[TimeControl "180+2"]
[EndTime "13:08:55 PDT"]
[Termination "Fins0905 won by checkmate"]

1. d4 g6 2. Nf3 Bg7 3. c3 d6 4. e4 Nf6 5. Bd3 O-O 6. O-O Nc6 7. h3 e5 8. d5 Ne7 9. c4 Nd7 10. Nc3 f5 11. Bd2 f4 12. Nh2 g5 13. b4 Nf6 14.
Rc1 h5 15. Be2 Qe8 16. Nb5 Qd7 17. f3 c6 18. Nc3 Ng6 19. Qb3 Kh8 20. Rfd1 Qe7 21.
Be1 g4 22. fxg4 hxg4 23. Nxg4 Nxg4 24. Bxg4 Bxg4 25. hxg4 f3 26. Rd3 fxg2 27. Rh3+ Kg8 28. dxc6 bxc6 29. c5+ Rf7 30. Rf3 Nf4 31. cxd6 Qxd6 32.
Bf2 Qg6 33. Rg3 Rd8 34. Rd1 Rxd1+ 35. Qxd1 Qe6 36. Bc5 Rd7 37. Qf3 Rd3 38. Qxd3 Nxd3 39. Rxd3 Qxg4 40. Rd2 Qf3 41. Ne2 Qf1+ 42. Kh2 Bh6 43.
Rd8+ Kf7 44. Ng3 Bf4 45. Rf8+ Kg7 46. Bf2 Qh1# 0-1

[Event "*** Titled Tuesday Blitz"]
[Site "Chess.com"]
[Date "2018.04.03"]
[Round "1"]
[White "denizozen"]
[Black "GasconJR"]
[Result "0-1"]
[WhiteElo "2626"]
[BlackElo "2325"]
[TimeControl "180+2"]
[EndTime "13:09:05 PDT"]
[Termination "GasconJR won by resignation"]

1. e4 e5 2. Nf3 Nc6 3. Bb5 a6 4.
Ba4 Nf6 5. O-O Be7 6. Re1 b5 7.
Bb3 O-O 8. c3 d5 9. exd5 Nxd5 10.
a4 b4 11. d4 exd4 12. Nxd4 Nxd4 13. Bxd5 Qxd5 14. Rxe7 Qc5 15. Re1 Ne6 16. Be3 Qc6 17.
cxb4 Bb7 18. f3 Rad8 19. Qc1 Qd6 20. Qc3 Nd4 21. Nd2 Nf5 22. Nc4 Qg6 23. Ne5 Qf6 24. Bc5 Rfe8 25. Nd7 Rxe1+ 26. Rxe1 Qc6 27. Ne5 Qxa4 28.
b3 Qb5 29. Nc4 h5 30. Qe5 Qd7 31. Qf4 f6 32. h3 h4 33. Qg4 Bd5 34. Rd1 c6 35.
Nb6 Qe6 36. Bf2 Re8 37. Re1 Qxe1+ 38. Bxe1 Rxe1+ 39. Kf2 Rf1+ 40. Ke2 Be6 41. Kd2 Rd1+ 42. Kxd1 Ne3+ 43. Ke2 Nxg4 44. fxg4 Bxb3 45. Ke3 Kf7 46. Kd4 Ke6 47. Na8 Kd6 48. Nb6 Bd5 0-1

[Event "*** Titled Tuesday Blitz"]
[Site "Chess.com"]
[Date "2018.04.03"]
[Round "1"]
[White "Chesscoach_Golichenko"]
[Black "Saitama_Hero"]
[Result "0-1"]
[WhiteElo "2469"]
[BlackElo "2137"]
[TimeControl "180+2"]
[EndTime "13:09:07 PDT"]
[Termination "Saitama_Hero won by resignation"]

1. d4 Nf6 2. c4 g6 3. Nc3 Bg7 4. e4 d6 5. Be2 O-O 6. Bg5 c5 7. d5 Qa5 8. Qd2 a6 9. f3 e6 10. Bd3 exd5 11. exd5 b5 12. Nge2 Nbd7 13. cxb5 Ne5 14.
O-O c4 15. Bc2 axb5 16. Nd4 b4 17. Ne4 Nxd5 18. Kh1 c3 19. bxc3 bxc3 20. Qd1 Nc4 21. Nc6 Nce3 22. Qd3 Qc7 23. Ne7+ Nxe7 24. Qxe3 Nf5 25.
Qd3 Ba6 26. Qd5 Bc4 27. Qd1 Bxf1 28. Qxf1 Nd4 29. Nf6+ Bxf6 30. Bxf6 Ne6 31. Qc1 Ra5 32. Qe3 Rh5 33. Bb3 d5 34. h3 d4 35. Qe4 Re8 36.
Re1 Rf5 37. Qxd4 c2 38. Bxe6 c1=Q 39. Bxf7+ Kxf7 40. Rxc1 Qxc1+ 41. Kh2 Rxf6 42. Qd7+ Re7 43. Qd5+ Kg7 0-1

[Event "*** Titled Tuesday Blitz"]
[Site "Chess.com"]
[Date "2018.04.03"]
[Round "1"]
[White "simplerXiao"]
[Black "DACF2905"]
[Result "1-0"]
[WhiteElo "2470"]
[BlackElo "2037"]
[TimeControl "180+2"]
[EndTime "13:09:09 PDT"]
[Termination "simplerXiao won by checkmate"]

1. e4 c5 2. Nf3 e6 3. d4 cxd4 4. Nxd4 a6 5. Be2 Nc6 6. O-O Qc7 7. Re1 Nf6 8. Nc3 Bb4 9. Nxc6 bxc6 10. Qd4 Bd6 11. g3 Be5 12. Qd3 d5 13. exd5 cxd5 14. Bf3 O-O 15. Bg2 Bb7 16. f4 Bxc3 17. bxc3 Rac8 18. Rb1 Ba8 19. Rb3 a5 20. f5 e5 21.
Bg5 e4 22. Qd4 a4 23. Qxa4 Nd7 24. Qd4 f6 25. Bf4 Qc6 26. Bf1 Ne5 27. Bxe5 fxe5 28. Qxe5 Rce8 29. Qd4 Qc8 30. Bh3 Rf6 31. Reb1 Qa6 32.
Bf1 Qxa2 33. R3b2 Qa5 34. Bb5 Ref8 35. Bd7 Kh8 36. Rb8 h6 37. Be6 Qc7 38. Rxf8+ Rxf8 39.
Ra1 Bb7 40. Ra7 Qc6 41. Kg2 Ra8 42. Rxa8+ Bxa8 43. Qe5 d4 44. f6 e3+ 45. Kh3 Qg2+ 46.
Kg4 h5+ 47. Kg5 Qe4 48. fxg7+ Kh7 49. g8=Q# 1-0

[Event "*** Titled Tuesday Blitz"]
[Site "Chess.com"]
[Date "2018.04.03"]
[Round "1"]
[White "OparinGrigoriy"]
[Black "JozefKneht"]
[Result "1-0"]
[WhiteElo "2850"]
[BlackElo "2412"]
[TimeControl "180+2"]
[EndTime "13:09:11 PDT"]
[Termination "OparinGrigoriy won by resignation"]

1. e4 e5 2. Nf3 Nc6 3. Bb5 a6 4. Ba4 Nf6 5. O-O Be7 6. Bxc6 dxc6 7. d3 Nd7 8. Nbd2 O-O 9. Nc4 f6 10. Nh4 Nc5 11. Nf5 Bxf5 12. exf5 Qd7 13. Qg4 Rfe8 14. Be3 b5 15. Bxc5 Bxc5 16. Nd2 Qd4 17. Ne4 Be7 18. b3 a5 19. Rae1 a4 20. Re3 Qd5 21. Rg3 Qf7 22.
h4 axb3 23. axb3 Ra2 24. c4 bxc4 25. bxc4 Rb8 26. h5 h6 27. Qf3 Kf8 28. Rd1 Ra3 29.
Qe2 Kg8 30. Rg6 Kh7 31. g3 Rd8 32. Kg2 Bf8 33. Kh3 Rd4 34. Kh2 Rd8 35. Kg2 Rd4 36. Rg4 Kh8 37. Rg6 Qd7 38. Qg4 Qf7 39. Rb1 Raxd3 40. Rb7 Qxc4 41. Rxc7 Rxe4 42. Rxh6+ Kg8 43.
Qg6 Rxg3+ 44. Kxg3 Rg4+ 45. Qxg4 Qd3+ 46. Kh2 Qd2 47.
Rg6 Qxf2+ 48. Qg2 Qh4+ 49. Qh3 Qf2+ 50. Rg2 Qf4+ 51. Qg3 1-0

[Event "*** Titled Tuesday Blitz"]
[Site "Chess.com"]
[Date "2018.04.03"]
[Round "1"]
[White "jefferyx"]
[Black "FMAntonio"]
[Result "1-0"]
[WhiteElo "2750"]
[BlackElo "2384"]
[TimeControl "180+2"]
[EndTime "13:09:16 PDT"]
[Termination "jefferyx won by resignation"]

1. d4 Nf6 2. c4 e6 3. Nf3 d5 4. Nc3 c5 5. cxd5 Nxd5 6. e4 Nxc3 7. bxc3 cxd4 8. cxd4 Bb4+ 9. Bd2 Bxd2+ 10. Qxd2 O-O 11. Bc4 Nd7 12. O-O b6 13. a4 Bb7 14. Rfe1 Nf6 15.
Bd3 h6 16. h3 Qe7 17. a5 bxa5 18. Qxa5 Rfc8 19. Rab1 Rc7 20. Rbd1 Rac8 21. Bb1 Ba8 22. d5 exd5 23. exd5 Qd6 24. Nh4 Rc5 25. Qxa7 Rxd5 26.
Rxd5 Qxd5 27. Ba2 Qb7 28. Qa3 Kh8 29. Re7 Qc6 30. Bxf7 Qc1+ 31. Qxc1 Rxc1+ 32. Kh2 Be4 33. f3 Bd3 34. Rb7 Kh7 35. Be6 Rc5 36. g4 Ne8 37. Nf5 Bxf5 38. Bxf5+ Kg8 39. Bg6 Rc8 40. Kg3 Nf6 41.
h4 Rf8 42. Re7 Nd5 43. Re5 Nf4 44. Bf5 g5 45. Re7 Nd5 46. Be6+ Kh8 47. Bxd5 gxh4+ 48.
Kxh4 1-0

[Event "*** Titled Tuesday Blitz"]
[Site "Chess.com"]
[Date "2018.04.03"]
[Round "1"]
[White "FitnessBen"]
[Black "Karina_Oparina"]
[Result "1-0"]
[WhiteElo "2503"]
[BlackElo "2140"]
[TimeControl "180+2"]
[EndTime "13:09:17 PDT"]
[Termination "FitnessBen won on time"]

1. e4 c6 2. d4 d5 3. exd5 cxd5 4. Bd3 Nc6 5. c3 Qc7 6. Ne2 e6 7. Bf4 Bd6 8. Bxd6 Qxd6 9. O-O Nf6 10. Nd2 O-O 11.
Nf3 Rb8 12. a4 e5 13. dxe5 Nxe5 14. Nxe5 Qxe5 15. Nd4 Be6 16. Re1 Qd6 17. Qf3 b6 18. Qg3 Qxg3 19. hxg3 Bd7 20. Bb5 Rfe8 21. Bxd7 Nxd7 22.
Nc6 Ra8 23. Ne7+ Kf8 24. Nxd5 Nc5 25. Rxe8+ Rxe8 26. b4 Nb3 27. Rb1 Nd2 28. Rd1 Nc4 29. Nf4 Nb2 30. Rd7 Re7 31. Rd8+ Re8 32. Rd7 Re7 33. Rd8+ Re8 34. Rxe8+ Kxe8 35. a5 bxa5 36. bxa5 Kd7 37. Kf1 Kc6 38. Ke2 Kb5 39. Nh5 g6 40.
Nf6 Kxa5 41. Kd2 Nc4+ 42. Kd3 Kb5 43. Ne8 Kc5 44. Nf6 Nd6 45. Nxh7 a5 46. Ng5 a4 47.
Kc2 Kc4 48. Nf3 a3 49. Nd2+ Kd5 50. Kb3 Kc5 51. Kxa3 1-0

[Event "*** Titled Tuesday Blitz"]
[Site "Chess.com"]
[Date "2018.04.03"]
[Round "1"]
[White "Danny_The_Donkey"]
[Black "PrinceMurad09"]
[Result "1-0"]
[WhiteElo "2657"]
[BlackElo "2334"]
[TimeControl "180+2"]
[EndTime "13:09:18 PDT"]
[Termination "Danny_The_Donkey won by resignation"]

1. e4 c5 2. Nf3 d6 3. d4 cxd4 4. Nxd4 Nf6 5. Nc3 g6 6. Be3 Bg7 7. f3 Nc6 8. Qd2 O-O 9. O-O-O d5 10. Qe1 e5 11. Nxc6 bxc6 12. exd5 Nxd5 13. Bc4 Be6 14. Kb1 h6 15. Ne4 Qc7 16. Bc5 Rfd8 17. h4 f5 18. Nf2 Rab8 19. Bb3 a5 20. a4 Nf4 21. Rxd8+ Rxd8 22. Bxe6+ Nxe6 23. Ba3 Rb8 24. h5 Qb6 25. Nd3 Qd4 26. Rh4 e4 27. fxe4 f4 28. e5 g5 29. Rh1 Qxa4 30. Qc3 Nd4 31. Nc5 Nb5 32. Nxa4 Nxc3+ 33. Nxc3 Bxe5 34. Ne4 Rd8 35.
Re1 Bg7 36. c3 Rd3 37. Kc2 Rd5 38. Nf2 g4 39. Nxg4 Rg5 40. Re8+ Kh7 41. Nf2 Rxg2 42. Bc5 Rh2 43. Kd3 Rxh5 44. Ba7 Rb5 45. Re7 Kg6 46. Re6+ Kf7 47. Rxc6 Rxb2 48. Ra6 Rb3 49. Ne4 Ra3 50.
Bc5 Ra1 51. c4 a4 52. Ra7+ Kg6 53. Rxg7+ Kxg7 54. Bd4+ Kf7 55. Bxa1 Ke6 56. Nf2 h5 57. Ke4 Kd6 58. Bd4 a3 59. Kxf4 a2 60. Ne4+ Kc6 61. Kg5 1-0

[Event "*** Titled Tuesday Blitz"]
[Site "Chess.com"]
[Date "2018.04.03"]
[Round "1"]
[White "platy3"]
[Black "a_kandil"]
[Result "1-0"]
[WhiteElo "2637"]
[BlackElo "2301"]
[TimeControl "180+2"]
[EndTime "13:09:26 PDT"]
[Termination "platy3 won by resignation"]

1. e4 c5 2. Nf3 d6 3. d4 cxd4 4. Nxd4 Nf6 5. Nc3 a6 6. h3 e6 7. g4 d5 8. exd5 Nxd5 9. Bd2 Bc5 10. Nb3 Be7 11. Qf3 Nxc3 12. Bxc3 O-O 13. Bd3 Nd7 14.
O-O-O Qc7 15. Qe4 g6 16. h4 Nf6 17. Qf3 Nd5 18. Bd2 Nb4 19. Bxb4 Bxb4 20. h5 Bd6 21.
Nd2 Bd7 22. Ne4 Bc6 23. Qh3 Bxe4 24. Bxe4 Be5 25. hxg6 fxg6 26. Qb3 Qf7 27. f3 Rab8 28. Rd3 b5 29. Rhd1 Rbe8 30. Qa3 Qf6 31. Kb1 Re7 32.
c3 b4 33. Qxb4 Rb8 34. Rd8+ Rxd8 35. Rxd8+ Kg7 36. Qa4 Rf7 37. Rd7 Rxd7 38. Qxd7+ Kh6 39. Qd2+ Qf4 40. Qxf4+ Bxf4 41. b4 Kg5 42. Bb7 h5 43.
gxh5 gxh5 44. Bxa6 h4 45. Bf1 Be5 46. Kc2 Kf4 47. a4 Kxf3 48. a5 Kf2 49. Bh3 Kg3 50.
Bxe6 h3 51. b5 h2 52. Bd5 Bc7 53. b6 Bd8 54. c4 Kf4 55. c5 Ke5 56. Bh1 Ke6 57.
a6 1-0

[Event "*** Titled Tuesday Blitz"]
[Site "Chess.com"]
[Date "2018.04.03"]
[Round "1"]
[White "indfraeng"]
[Black "kjzsdu"]
[Result "0-1"]
[WhiteElo "1817"]
[BlackElo "2427"]
[TimeControl "180+2"]
[EndTime "13:09:27 PDT"]
[Termination "kjzsdu won by checkmate"]

1. d4 Nf6 2. c4 e6 3. Nc3 Bb4 4. Qc2 c5 5. dxc5 Na6 6. a3 Bxc3+ 7. Qxc3 Nxc5 8. b4 Nce4 9. Qb2 d5 10. e3 dxc4 11.
Bxc4 O-O 12. Nf3 a6 13. O-O b5 14. Bb3 Bb7 15. Bd2 Rc8 16. Rac1 Qb6 17. Qd4 Qxd4 18. exd4 Nxd2 19. Nxd2 Rfd8 20. Rxc8 Bxc8 21. Nf3 Bb7 22. Rc1 Bxf3 23. gxf3 g5 24. Rc6 Rxd4 25.
Rxa6 Rd3 26. Bc2 Rxf3 27. a4 bxa4 28. Bxa4 Ra3 29. b5 Nd5 30. Bc2 Rc3 31. b6 Nxb6 32. Bxh7+ Kxh7 33. Rxb6 Kg6 34. Kg2 g4 35. Rb4 Kg5 36.
Rb5+ f5 37. Rb8 e5 38. Rg8+ Kf4 39. Ra8 Rc2 40. Ra4+ e4 41. Ra3 Kg5 42. Kg3 Re2 43. Ra8 f4+ 44. Kg2 e3 45. Rg8+ Kf5 46. Re8 Rxf2+ 47.
Kg1 Rd2 48. Kf1 Kg5 49. Rg8+ Kf5 50. Re8 Rxh2 51. Rf8+ Ke4 52. Re8+ Kf3 53. Kg1 Rd2 54. Kh1 g3 55. Rxe3+ fxe3 56. Kg1 Rd1# 0-1

[Event "*** Titled Tuesday Blitz"]
[Site "Chess.com"]
[Date "2018.04.03"]
[Round "1"]
[White "florianschwabeneder"]
[Black "Jospem"]
[Result "0-1"]
[WhiteElo "2389"]
[BlackElo "2753"]
[TimeControl "180+2"]
[EndTime "13:09:30 PDT"]
[Termination "Jospem won by resignation"]

1. e4 c5 2. Nf3 d6 3. c3 Nf6 4. Be2 Bd7 5. d3 g6 6. O-O Bg7 7. Re1 O-O 8. Bf1 Bc6 9. Nbd2 d5 10. e5 Ne8 11. d4 cxd4 12. cxd4 Nc7 13. a4 Nd7 14. Bd3 Re8 15. Nb3 Ne6 16. h4 Ndf8 17. Bd2 a5 18. h5 b6 19. hxg6 hxg6 20.
g3 Qd7 21. Nc1 f5 22. Ne2 b5 23. axb5 Bxb5 24. Be3 Reb8 25. Bxb5 Rxb5 26. Bc1 Rb4 27. Kg2 a4 28. Rh1 Rc8 29. Ra3 Rcc4 30. Rc3 Rxc3 31. Nxc3 Qc6 32. Ne2 Rb3 33. Ng5 Qc4 34.
Nxe6 Nxe6 35. Nf4 Nf8 36. Be3 Rxb2 37. g4 g5 38. gxf5 gxf4 39. Bxf4 Qe2 40. Qxe2 Rxe2 41. Ra1 Re4 42. Be3 Kf7 43. Rxa4 Bxe5 44. Ra5 Bd6 45. Rxd5 Nd7 46. Kf3 Nf6 47. Ra5 Rh4 48. Bg5 Rh3+ 49.
Kg2 Rh5 50. Bxf6 Kxf6 51. Kf3 Rxf5+ 52. Rxf5+ Kxf5 53. Ke3 Bc7 54. f3 Bb6 0-1

[Event "*** Titled Tuesday Blitz"]
[Site "Chess.com"]
[Date "2018.04.03"]
[Round "1"]
[White "Triumphmate"]
[Black "LawrenceTrent"]
[Result "0-1"]
[WhiteElo "2165"]
[BlackElo "2525"]
[TimeControl "180+2"]
[EndTime "13:09:34 PDT"]
[Termination "LawrenceTrent won by checkmate"]

1. e4 e5 2. Nf3 Nc6 3. Nc3 Nf6 4. Bb5 Bb4 5. O-O O-O 6. d3 d6 7. Bg5 Bxc3 8. bxc3 Qe7 9. Re1 Bd7 10. d4 h6 11.
Bc1 Nd8 12. Bf1 Bg4 13. h3 Bxf3 14. Qxf3 Ne6 15. Rd1 Ng5 16. Bxg5 hxg5 17. Bd3 g6 18. Rab1 b6 19. Re1 Kg7 20. Qg3 Nh5 21. Qg4 Rh8 22.
Re3 Raf8 23. Rbe1 Nf4 24. Rg3 f6 25. Rge3 Rh4 26. Qd1 Rfh8 27. g3 Rxh3 28. gxf4 Rh1+ 29. Kg2 R8h2+ 30. Kf3 Rxe1 31. Rxe1 exf4 32. Rh1 Rxh1 33.
Qxh1 Qe6 34. Ke2 Qxa2 35. e5 dxe5 36. dxe5 Qe6 37. Qb7 Qxe5+ 38. Kd1 a5 39. Qc8 f5 40. Qd7+ Kh6 41. Qd8 Kh5 42. Be2+ g4 43. Qd7 f3 44. Qh7+ Kg5 45. Bd3 a4 46. Qd7 Kh4 47. Qd8+ Kh3 48. Qd7 Kg2 49. Qxa4 Kxf2 50. Kc1 Qxc3 51. Qf4 Qa1+ 52.
Kd2 Qe1# 0-1

[Event "*** Titled Tuesday Blitz"]
[Site "Chess.com"]
[Date "2018.04.03"]
[Round "1"]
[White "vovachesss"]
[Black "chesstatour"]
[Result "0-1"]
[WhiteElo "2424"]
[BlackElo "1977"]
[TimeControl "180+2"]
[EndTime "13:09:36 PDT"]
[Termination "chesstatour won by resignation"]

1. e4 c6 2. d4 d5 3. e5 c5 4.
dxc5 Nc6 5. Nf3 Bg4 6. Nc3 e6 7. Bb5 Bxc5 8. O-O Ne7 9. h3 Bh5 10. a3 O-O 11. b4 Bb6 12. Bb2 Nxe5 13. g4 Nxf3+ 14. Qxf3 Bg6 15. Ne2 Rc8 16. Rac1 Bxc2 17. Nf4 Be4 18. Qg3 Qd6 19. Rfe1 Ng6 20. Nh5 Qxg3+ 21.
Nxg3 Bf3 22. Nh5 d4 23. Ng3 Rfd8 24. Bd3 Nf4 25. Be4 Rxc1 26. Bxc1 Nxh3+ 27. Kh2 Bxe4 28. Rxe4 Nxf2 29. Re2 Nd3 30. Bg5 f6 31. Bh4 e5 32.
g5 Nf4 33. Re1 Ng6 34. Kh3 Nxh4 35. Kxh4 d3 36. gxf6 gxf6 37. Nf5 d2 38. Rd1 e4 39.
Kg4 e3 40. Kf3 Re8 41. Ng3 Kf7 42. Ne2 f5 43. Rh1 Kg7 44. Nf4 Bc7 45. Nd5 Bb6 46. Rg1+ Kf7 47. Rh1 e2 48. Rxh7+ Ke6 49. Nf4+ Kf6 50.
Rh6+ Kg7 51. Rg6+ Kf7 52. Rd6 e1=Q 53. Rd7+ Re7 54. Rd5 d1=Q+ 55. Kg2 Qxd5+ 0-1

[Event "*** Titled Tuesday Blitz"]
[Site "Chess.com"]
[Date "2018.04.03"]
[Round "1"]
[White "popov_m"]
[Black "TomPolgar"]
[Result "1-0"]
[WhiteElo "2457"]
[BlackElo "1943"]
[TimeControl "180+2"]
[EndTime "13:09:37 PDT"]
[Termination "popov_m won by resignation"]

1. d4 Nf6 2. Nf3 g6 3. g3 Bg7 4. Bg2 O-O 5. O-O d6 6. b3 c5 7.
c4 Nbd7 8. Bb2 a6 9. Nc3 Rb8 10. a4 b6 11. Qd2 Bb7 12. d5 Qc7 13. Rad1 Rbd8 14. e4 Rfe8 15. Rfe1 Nf8 16. Qc1 e5 17. dxe6 fxe6 18. h3 h6 19. Rd2 Re7 20. Qd1 Ne8 21.
h4 Rf7 22. Rd3 e5 23. Nd5 Bxd5 24. Rxd5 Ne6 25. Bh3 Nd4 26. Nxd4 cxd4 27. Be6 Nf6 28. Qd3 Nxd5 29. exd5 Kh7 30. Bxf7 Qxf7 31. Kg2 Rf8 32. Rf1 Qf5 33. Qxf5 gxf5 34. Rd1 Bf6 35. f4 Rg8 36. fxe5 dxe5 37. Kf2 Rg4 38. b4 Be7 39. Rc1 Bxb4 40. a5 Bc5 41. axb6 d3+ 42. Kg2 d2 43. Rd1 Bxb6 44.
Rxd2 Rxc4 45. Bxe5 Bd8 46. h5 Kg8 47. Rb2 a5 48.
Rb8 Re4 49. Rxd8+ Kf7 50. Bf4 Kg7 51. d6 a4 52. Ra8 a3 53. Rxa3 Rd4 54. Kf3 Kf6 55.
Ke3 Rd1 56. Rd3 Re1+ 57. Kf2 Ra1 58. d7 Ra2+ 59. Kf3 Ke6 60. d8=Q 1-0